 Dungeon Crawl Stone Soup version 0.28.0-43-g3370ac3207 (webtiles) character file.

Game seed: 14239868780912146300

1071 pkoi the Changer (level 8, -3/48 HPs)
             Began as an Octopode Transmuter on Mar 21, 2022.
             Was a Follower of Sif Muna.
             Slain by a mummy (16 damage)
             ... in an ossuary.
             The game lasted 00:11:01 (8569 turns).

pkoi the Changer (Octopode Transmuter)              Turns: 8569, Time: 00:11:02

Health: -3/48      AC:  1    Str:  9    XL:     8   Next: 28%
Magic:  11/11      EV: 13    Int: 17    God:    Sif Muna [*.....]
Gold:   264        SH:  0    Dex: 13    Spells: 1/11 levels left

rFire   . . .      SeeInvis .   g - +3 dagger (venom)
rCold   . . .      Faith    .   (no shield)
rNeg    . . .      Spirit   .   (helmet restricted)
rPois   .          Reflect  .   (no amulet)
rElec   .          Harm     .   (no ring)
rCorr   .          Rampage  .   (no ring)
Will    .....                   (no ring)
Stlth   ++........              (no ring)
HPRegen 0.16/turn               (no ring)
MPRegen 0.12/turn               (no ring)
                                (no ring)
                                (no ring)

@: brilliant
A: almost no armour, amphibious, 8 rings, camouflage 1, gelatinous body 1,
(nimble swimmer 1), tentacles
a: Renounce Religion, Channel Magic


You were in an ossuary.
You worshipped Sif Muna.
Sif Muna was aware of your devotion.
You visited 2 branches of the dungeon, and saw 7 of its levels.
You also visited: Ossuary.

You collected 264 gold pieces.

Inventory:

Hand Weapons
 g - a +3 dagger of venom (weapon)
 j - a +2 dagger of venom
Wands
 d - a wand of paralysis (10)
 o - a wand of polymorph (7)
Scrolls
 c - a scroll of fear
Potions
 a - a potion of curing
 f - 2 potions of attraction
 h - 2 potions of cancellation
 i - 2 potions of brilliance
 k - a potion of might {unknown}
 m - a potion of invisibility
 p - a potion of lignification


   Skills:
 - Level 1.0 Fighting
 - Level 2.0 Dodging
 - Level 3.0 Unarmed Combat
 - Level 2.0 Spellcasting
 + Level 7.8 Transmutations
 + Level 4.0 Ice Magic
 - Level 4.2 Poison Magic


You had one spell level left.
You knew the following spells:

 Your Spells              Type           Power      Damage    Failure   Level
a - Beastly Appendage     Tmut           84%        N/A       1%          1
b - Wereblood             Tmut           42%        N/A       1%          2
c - Spider Form           Tmut/Pois      33%        N/A       4%          3
d - Ice Form              Ice/Tmut       32%        N/A       17%         4

Your spell library contained the following spells:

 Spells                   Type           Power      Damage    Failure   Level
 Corpse Rot               Necr/Air       4%         N/A       28%         2
 Manifold Assault         Tloc           2%         N/A       99%         5
 Malign Gateway           Summ/Tloc      1%         N/A       100%        7


Dungeon Overview and Level Annotations

Branches:
Dungeon (6/15)             Temple (1/1) D:4         Ossuary (1/1)

Altars:
Dithmenos
Elyvilon
Gozag
Nemelex Xobeh
Qazlal
Ru
Sif Muna
Trog
Uskayaw
Vehumet
Wu Jian
Xom

Annotations:
D:3 Sigmund
D:5 1 runed translucent door, Crazy Yiuf
D:6 3 runed translucent doors


Innate Abilities, Weirdness & Mutations

You cannot wear most types of armour.
You are amphibious.
You can wear up to eight rings at the same time.
Your skin changes colour to match your surroundings (Stealth+).
Your rubbery body absorbs attacks. (AC +1, EV +1)
((You are camouflaged when in or above water. (Stealth+)))
You have tentacles for arms and can constrict up to eight enemies at once.


Message History

You constrict the hobgoblin zombie. You constrict the mummy.
The mummy barely misses you.
The hobgoblin zombie closely misses you.
You hit the mummy. You grab the mummy.
The mummy is lightly damaged.
You constrict the mummy, but do no damage.
You constrict the hobgoblin zombie. You constrict the mummy. You hit the mummy.
The mummy is moderately damaged.
You constrict the mummy. You constrict the hobgoblin zombie.
You destroy the hobgoblin zombie!
Sif Muna accepts your kill.
You constrict the mummy.
You destroy the mummy!
Sif Muna accepts your kill. The mummy barely misses you.
You hit the mummy. Your grab misses the mummy.
The mummy is lightly damaged.
You constrict the mummy, but do no damage.
The mummy hits you!!
* * * LOW HITPOINT WARNING * * *
The mummy hits you!!
* * * LOW HITPOINT WARNING * * *
You are confused.
You feel invigorated.
You constrict the mummy. The mummy barely misses you.
It was a potion of flight.
You feel very buoyant.
You fly up into the air.
You constrict the mummy. The mummy misses you. The mummy hits you.
* * * LOW HITPOINT WARNING * * *
It was a potion of cancellation.
Your magical effects are unravelling.
You feel magically purged.
You feel less invigorated.
You float gracefully downwards.
You feel less confused.
You constrict the mummy. The mummy misses you.
It was a potion of brilliance.
You feel clever all of a sudden.
You constrict the mummy. The mummy hits you!
You die...

#....#
#....#
#....#
#....#
#....#
#....#
#....#
#MM..#
#@M∩.#
######


You could see 3 mummies.

Vanquished Creatures
  A steam dragon (D:4)
  2 black bears
  A sky beast (D:6)
  A scorpion (D:6)
  A water moccasin zombie (D:6)
  A water moccasin skeleton (D:4)
  2 hounds
  A centaur zombie (D:5)
  2 orc priests
  Jessica (D:2)
  3 iguanas
  Ijyb (D:4)
  Natasha (twice) (D:2)
  A hound skeleton (D:5)
  A mummy (Ossuary)
  4 adders
  3 gnolls
  A worm (D:3)
  5 dart slugs
  8 orcs
  5 bats
  5 endoplasms
  A giant cockroach (D:1)
  2 gnoll zombies (Ossuary)
  8 goblins
  2 hobgoblins
  4 jackals (D:1)
  4 quokkas
  9 ball pythons
  2 frilled lizards (D:2)
  4 hobgoblin zombies (Ossuary)
  4 kobolds
  A kobold zombie (Ossuary)
  An orc zombie (Ossuary)
  6 rats
100 creatures vanquished.

Vanquished Creatures (others)
  A wizard (D:3)
  2 plants (D:2)
3 creatures vanquished.

Grand Total: 103 creatures vanquished

Notes
Turn   | Place    | Note
-------+----------+-------------------------------------------
     0 | D:1      | pkoi the Octopode Transmuter began the quest for the Orb.
     0 | D:1      | Reached XP level 1. HP: 13/13 MP: 3/3
   515 | D:1      | Reached XP level 2. HP: 18/18 MP: 5/5
   565 | D:1      | Reached skill level 3 in Transmutations
   806 | D:1      | Reached XP level 3. HP: 16/23 MP: 6/6
  1323 | D:1      | Learned a level 2 spell: Wereblood
  1327 | D:1      | Learned a level 3 spell: Spider Form
  1600 | D:2      | Noticed Jessica
  1611 | D:2      | Killed Jessica
  1612 | D:2      | Reached skill level 4 in Transmutations
  1612 | D:2      | Reached skill level 1 in Poison Magic
  1612 | D:2      | Reached XP level 4. HP: 23/28 MP: 7/7
  1922 | D:2      | Noticed Natasha
  1931 | D:2      | Killed Natasha
  2492 | D:2      | Noticed Natasha
  2497 | D:2      | Killed Natasha
  2498 | D:2      | Reached XP level 5. HP: 19/33 MP: 8/8
  3134 | D:3      | Noticed Sigmund
  3428 | D:3      | Found a bloodstained altar of Trog.
  3470 | D:3      | Noticed a wizard
  3475 | D:3      | Killed a wizard
  3501 | D:3      | Found a radiant altar of Vehumet.
  3643 | D:3      | Reached skill level 5 in Transmutations
  3836 | D:3      | You fall into a shaft and drop 1 floor!
  4075 | D:4      | Found a hide-covered altar of Uskayaw.
  4136 | D:4      | Reached XP level 6. HP: 38/38 MP: 9/9
  4612 | D:4      | Noticed Ijyb
  4615 | D:4      | Found a staircase to the Ecumenical Temple.
  4741 | D:4      | Noticed a steam dragon
  4743 | Temple   | Entered the Ecumenical Temple
  4953 | Temple   | Became a worshipper of Sif Muna the Loreminder
  5000 | D:4      | Killed a steam dragon
  5001 | D:4      | Reached skill level 6 in Transmutations
  5001 | D:4      | Reached XP level 7. HP: 43/43 MP: 10/10
  5010 | D:4      | Killed Ijyb
  5208 | D:4      | Learned a level 4 spell: Ice Form
  5887 | D:3      | Reached skill level 1 in Ice Magic
  6499 | D:5      | Entered Level 5 of the Dungeon
  7364 | D:5      | Reached skill level 7 in Transmutations
  7461 | D:5      | Got Sif Muna's Catalogue of Quantum Feathers
  7691 | D:5      | Found a runed translucent door.
  7692 | D:5      | Noticed Crazy Yiuf
  7895 | D:6      | Reached XP level 8. HP: 26/48 MP: 11/11
  8219 | D:6      | Reached * piety under Sif Muna
  8427 | D:6      | Found a runed translucent gate.
  8428 | D:6      | Found a runed translucent gate.
  8429 | D:6      | Found a runed translucent gate.
  8446 | D:6      | Found a sand-covered staircase.
  8455 | Ossuary  | Entered an ossuary
  8569 | Ossuary  | Slain by a mummy

Illustrated notes

Levels and vault maps discovered:
D:1:      nagdon_arrival_zigzag_paths, layout_basic,
          nicolae_concentric_dashed_squares_wild, minmay_liquid_box,
          minmay_close_crescents
D:2:      layout_loops_corners, serial_forest, infiniplex_forest_clump_tiny,
          infiniplex_forest_end_1, infiniplex_forest_lined_2,
          infiniplex_forest_lined_ring, infiniplex_forest_clump_long,
          infiniplex_forest_clump_tiny, infiniplex_forest_corner_1,
          uniq_natasha, uniq_jessica
D:3:      minmay_bubble_buster, layout_loops_cross, nicolae_vehumet_altar_sigil,
          trog_wizard, corexii_item_surrounded_by_moat, st_stairs_8,
          uniq_sigmund
D:4:      layout_loops_cross, nicolae_uskayaw_dance_hall,
          minmay_temple_entry_proselytizer, amcnicky_mini_pool_small, uniq_ijyb
D:5:      layout_rooms, lemuel_crystal_altar, serial_rivers,
          chequers_serial_rivers_large_b, chequers_serial_rivers_micro_b,
          chequers_serial_rivers_micro_c, chequers_serial_rivers_micro_c,
          grunt_ministairs_15, uniq_crazy_yiuf_cottage
D:6:      layout_loops_cross, enter_ossuary_4, gammafunk_ghost_icy
Temple:   grunt_temple_mini_profane
Ossuary:  ossuary_tomb_3

Skill      XL: |  1  2  3  4  5  6  7  8 |
---------------+-------------------------+-----
Transmutations | 3 4 5 6 7 |  7.8
Poison Magic   | 1 2 3 4 |  4.2
Ice Magic      | 3 4 |  4.0
Fighting       | |  1.0
Dodging        | |  2.0
Unarmed Combat | |  3.0
Spellcasting   | |  2.0

Action                   |  1- 3 |  4- 6 |  7- 9 || total
-------------------------+-------+-------+-------++-------
Melee: Unarmed           |    66 |    31 |       ||    97
       Constrict         |    19 |    23 |    35 ||    77
       Tentacles         |     8 |    18 |    38 ||    64
       Punch             |     3 |     3 |     6 ||    12
       Kick              |       |     1 |     1 ||     2
       Dagger            |       |    66 |   137 ||   203
 Cast: Beastly Appendage |       |     1 |     1 ||     2
Evoke: Wand              |       |       |     1 ||     1
  Use: Scroll            |       |     1 |    12 ||    13
       Potion            |       |       |     6 ||     6
 Stab: Sleeping          |     9 |    11 |     3 ||    23
       Distracted        |       |     1 |       ||     1
Armor: Skin              |       |    38 |     8 ||    46
Dodge: Dodged            |    53 |    49 |    99 ||   201
